 Dungeon Crawl Stone Soup version 0.30.0-29-ga12c61a403 (webtiles) character file.

Game seed: 5761856557039386562

51 seaoflcl the Covered (level 3, 0/33 HPs)
             Began as a Minotaur Fighter on June 7, 2023.
             Slain by an ice beast (10 damage)
             ... on level 3 of the Dungeon.
             The game lasted 00:01:48 (1479 turns).

seaoflcl the Covered (Minotaur Fighter)             Turns: 1479, Time: 00:01:48

Health: 0/33       AC:  9    Str: 22    XL:     3   Next: 57%
Magic:  2/2        EV:  8    Int:  5    God:
Gold:   89         SH:  4    Dex:  9    Spells: 2/2 levels left

rFire   . . .        a - +0 war axe
rCold   . . .        c - +0 buckler
rNeg    . . .        g - +0 chain mail
rPois   .            (helmet restricted)
rElec   .            (no cloak)
rCorr   .            (no gloves)
SInv    .            (no boots)
Will    .....        (no amulet) Stlth
                     (no ring)
HPRegen 0.25/turn    (no ring)
MPRegen 0.08/turn

%: no passive effects
@: no status effects
A: horns 2, retaliatory headbutt
a: no special abilities


You were on level 3 of the Dungeon.
You visited 1 branch of the dungeon, and saw 3 of its levels.

You collected 113 gold pieces.
You spent 24 gold pieces at shops.

Inventory:

Hand Weapons
 a - a +0 war axe (weapon)
Missiles
 h - 3 poisoned darts (quivered)
Armour
 c - a +0 buckler (worn)
 g - a +0 chain mail (worn)
Scrolls
 e - a scroll of teleportation {unknown}
 f - 2 scrolls of blinking
 l - a scroll of summoning
 m - 2 scrolls of silence {unknown}
 p - a scroll of acquirement {unknown}
 q - a scroll of vulnerability {unknown}
 r - a scroll of enchant armour {unknown}
 s - a scroll of brand weapon {unknown}
 t - a scroll of magic mapping {unknown}
Potions
 b - 2 potions of curing
 d - 2 potions of might
 i - a potion of invisibility {unknown}
 j - a potion of degeneration {unknown}
 k - a potion of resistance {unknown}
 n - 2 potions of heal wounds
 o - a potion of attraction {unknown}


   Skills:
 + Level 4.0 Fighting
 * Level 3.5 Axes
 + Level 0.6 Throwing
 + Level 4.1 Armour
 + Level 4.0 Shields


You had 2 spell levels left.
You didn't know any spells.
Your spell library contained the following spells:

 Spells                   Type           Power      Damage    Failure   Level
 Lesser Beckoning         Tloc           0%         N/A       99%         2
 Frozen Ramparts          Ice            0%         1d1       100%        3
 Gell's Gravitas          Tloc           0%         N/A       100%        3
 Teleport Other           Tloc           0%         N/A       100%        3
 Ice Form                 Ice/Tmut       0%         N/A       100%        4
 Summon Ice Beast         Ice/Summ       0%         N/A       100%        4


Dungeon Overview and Level Annotations

Branches:
Dungeon (3/15)

Altars:

Shops:
D:1 ?


Innate Abilities, Weirdness & Mutations

You have a pair of horns on your head.
You reflexively headbutt those who attack you in melee.


Message History

The bat hits you but does no damage.
You slash the bat!
You kill the bat!
No target in view!
No target in view!
No target in view!
No target in view!
No target in view!
No target in view!
No target in view!
No target in view!
No target in view!
No target in view!
No target in view!
m - 2 scrolls labelled NEADU PEIQEM (gained 1)
You pick up a book of Displacement and begin reading...
You add the spells Lesser Beckoning, Gell's Gravitas and Teleport Other to your library.
An ice beast comes into view.
An ice beast is nearby!
You barely miss the ice beast. The ice beast hits you.
The ice beast freezes you!
The ice beast hits you but does no damage.
You barely miss the ice beast. Your headbutt misses the ice beast.
The ice beast hits you but does no damage.
You hit the ice beast. Your headbutt misses the ice beast.
The ice beast is moderately wounded.
The ice beast hits you but does no damage.
You hit the ice beast.
The ice beast is moderately wounded.
The ice beast hits you but does no damage.
The ice beast hits you. The ice beast freezes you!
You are too injured to fight recklessly!
You are too injured to fight recklessly!
You are too injured to fight recklessly!
You are too injured to fight recklessly!
You are too injured to fight recklessly!
You are too injured to fight recklessly!
Found a stone staircase leading down.
The ice beast barely misses you. The ice beast hits you.
The ice beast freezes you!
You die...

#........# .....
#........# ....
#........# ....
#........#
...#####.......##
...............#
#............#
#............#
#.#@...........#
#...Y...########
#.......#
#..###### #.. #..
#.# .>


You could see an ice beast.

Vanquished Creatures
  An adder (D:2)
  A worm (D:3)
  6 endoplasms
  A giant cockroach (D:1)
  A goblin (D:2)
  4 hobgoblins
  3 kobolds
  A quokka (D:1)
  4 ball pythons
  8 bats
  2 frilled lizards
  7 rats
39 creatures vanquished.

Notes
Turn   | Place    | Note
-------+----------+-------------------------------------------
     0 | D:1      | seaoflcl the Minotaur Fighter began the quest for the Orb.
     0 | D:1      | Reached XP level 1. HP: 19/19 MP: 0/0
    75 | D:1      | Reached XP level 2. HP: 23/27 MP: 1/1
   174 | D:1      | You fall into a shaft and drop 1 floor!
   462 | D:2      | Reached XP level 3. HP: 24/33 MP: 2/2
   831 | D:1      | Found a faded altar of an unknown god.
   885 | D:1      | Found Gyuduano's Magic Scroll Emporium.
   888 | D:1      | Bought a scroll of identify for 24 gold pieces
  1471 | D:3      | Noticed an ice beast
  1479 | D:3      | Slain by an ice beast

Illustrated notes

Levels and vault maps discovered:
D:1:      minmay_arrival_hallway, layout_basic, serial_shops,
          nicolae_shop_rolled_up, ebering_ecumenical_altar_petrified
D:2:      layout_basic
D:3:      layout_basic

Skill      XL: |  1  2  3 |
---------------+----------+-----
Axes           | 3 |  3.5
Armour         | 4 |  4.1
Shields        | 4 |  4.0
Fighting       | 4 |  4.0
Throwing       | |  0.6

Action                     || total
---------------------------++-------
  Melee: War axe           ||    80
         Headbutt          ||     9
    Use: Scroll            ||     4
 Armour: Scale mail        ||    13
         Chain mail        ||    37
  Dodge: Dodged            ||    29
  Block: Buckler           ||    19
